 Dungeon Crawl Stone Soup version 0.25-a0-36-g303dd5b1f4 (webtiles) character file.

Game seed: 16206195135557571274, levelgen mode: deterministic

23579 Chiseanne the Nimble (level 12, -3/89 HPs)
             Began as a Demonspawn Wanderer on Oct 20, 2019.
             Was an Initiate of Gozag.
             Splashed by a brown ugly thing's acid (9 damage)
             ... on level 12 of the Dungeon.
             The game lasted 00:56:00 (19539 turns).

Chiseanne the Nimble (Demonspawn Wanderer)         Turns: 19539, Time: 00:56:01

Health: -3/89      AC:  1    Str: 12    XL:     12   Next: 73%
Magic:  12/12      EV: 17    Int: 13    God:    Gozag
Gold:   1154       SH: 10    Dex: 19    Spells: 11/11 levels left

rFire    . . .     SeeInvis .   Y - +2 war axe (elec)
rCold    + . .     Gourm    .   g - +0 shield
rNeg     + . .     Faith    .   M - +4 ring mail
rPois    +         Spirit   .   (helmet restricted)
rElec    .         Reflect  .   f - +1 cloak
rCorr    .         Harm     .   p - +2 pair of gloves "Tekhich" {rN+}
MR       .....                  v - +1 pair of boots
Stlth    +++++++...             X - amulet of the acrobat
HPRegen  0.24/turn              I - ring of poison resistance
MPRegen  0.13/turn              S - ring of protection from cold

@: corroded, studying Hexes
A: horns 2, nightstalker 3, rot immunity, sturdy frame 1
a: Potion Petition, Call Merchant, Bribe Branch, Renounce Religion


You were on level 12 of the Dungeon.
You worshipped Gozag.
Gozag was most pleased with you.
You were hungry.

You visited 2 branches of the dungeon, and saw 13 of its levels.
You also visited: Ossuary.

You collected 3041 gold pieces.
You spent 1295 gold pieces at shops.
You paid 592 gold pieces to Gozag.

Inventory:

Hand Weapons
 a - a +2 dagger of venom
 d - a +5 short sword of flaming
 e - the +8 hand crossbow "Eggoxkal" {venom, rPois rF+}
   (You found it on level 8 of the Dungeon)

   It poisons the ammo it fires.
   It protects you from fire.
   It protects you from poison.
 w - a +5 hunting sling of freezing
 E - a +4 falchion of protection
 J - a cursed +3 long sword of freezing
 Y - a +2 war axe of electrocution (weapon)
Missiles
 h - 396 stones (quivered)
 j - 158 sling bullets
 n - 56 poisoned darts
 q - 7 javelins
 x - 17 boomerangs
 D - 58 bolts
Armour
 f - a +1 cloak (worn)
 g - a +0 shield (worn)
 p - the +2 pair of gloves "Tekhich" (worn) {rN+}
   (You bought it in a shop on level 9 of the Dungeon)

   It protects you from negative energy.
 v - a +1 pair of boots (worn)
 K - a +0 large shield
 M - a +4 ring mail (worn)
Magical Staves
 k - an uncursed staff of wizardry
Jewellery
 c - an uncursed amulet of regeneration
 y - an uncursed amulet of magic regeneration
 I - a ring of poison resistance (left hand)
 S - a ring of protection from cold (right hand)
 W - an uncursed ring of protection from magic
 X - an amulet of the acrobat (around neck)
Wands
 B - a wand of digging (1)
 L - a wand of iceblast (10)
 N - a wand of random effects (14)
Scrolls
 l - 3 scrolls of immolation
 o - 10 scrolls of remove curse
 u - 2 scrolls of brand weapon
 z - 5 scrolls of identify
 A - 2 scrolls of fog
 F - 2 scrolls of teleportation
 G - 8 scrolls of magic mapping
 H - 3 scrolls of fear
 O - 2 scrolls of amnesia
 T - a scroll of enchant armour
 U - a scroll of blinking
Potions
 b - 3 potions of flight
 i - 8 potions of brilliance
 m - 2 potions of mutation
 r - a potion of curing
 t - 4 potions of magic
 R - a potion of cancellation
Books
 Q - a manual of Hexes
Comestibles
 C - 17 rations


   Skills:
 * Level 6.9 Fighting
 - Level 10.1 Short Blades
 - Level 1.0 Axes
 - Level 1.4(1.6) Slings
 - Level 7.0 Crossbows
 - Level 1.0(1.3) Throwing
 - Level 4.4 Armour
 - Level 10.4 Dodging
 - Level 8.0 Stealth
 * Level 5.2 Shields
 - Level 1.0 Evocations


You had 11 spell levels left.
You didn't know any spells.
Your spell library contained the following spells:

 Spells                   Type           Power        Failure   Level  Hunger
 Sandblast                Erth           #.....       85%         1    ##.....
 Passwall                 Tmut/Erth      #.......     94%         2    ###....
 Stone Arrow              Conj/Erth      #.....       99%         3    ####...
 Petrify                  Tmut/Erth      #.......     100%        4    #####..
 Bolt of Magma            Conj/Fire/Erth #.........   100%        5    ######.
 Iskenderun's Battlesphe  Conj/Chrm      #.......     100%        5    ######.
 Lee's Rapid Deconstruct  Erth           #.........   100%        5    ######.
 Venom Bolt               Conj/Pois      #.........   100%        5    ######.
 Iron Shot                Conj/Erth      #.........   100%        6    #######
 Orb of Destruction       Conj           #.........   100%        7    #######
 Spellforged Servitor     Conj/Summ      #.........   100%        7    #######


Dungeon Overview and Level Annotations

Branches:
Dungeon (12/15)            Temple (1/1) D:7            Lair (0/6) D:9
    Orc (0/2) D:9         Ossuary (visited)

Altars:
Ashenzari
Cheibriados
Dithmenos
Elyvilon
Fedhas
Gozag
Hepliaklqana
Kikubaaqudgha
Nemelex Xobeh
Okawaru
Qazlal
Ru
Sif Muna
Trog
Vehumet
Wu Jian
Xom
Yredelemnul
Zin
The Shining One

Shops:
D:8 (   D:9 [


Innate Abilities, Weirdness & Mutations

You have a pair of horns on your head.
You are completely attuned to the shadows.
You are immune to rotting.
Your movements are slightly less encumbered by armour. (ER -2)


Message History

The brown ugly thing stings you. The acid corrodes you!
You are splashed with acid!
You hit the brown ugly thing.
The brown ugly thing is almost dead.
You block the brown ugly thing's attack.
The brown ugly thing barely misses you.
You barely miss the brown ugly thing.
The brown ugly thing is almost dead.
You block the brown ugly thing's attack.
You closely miss the brown ugly thing.
The brown ugly thing is almost dead.
The brown ugly thing stings you!
* * * LOW HITPOINT WARNING * * *
You are splashed with acid!
* * * LOW HITPOINT WARNING * * *
The brown ugly thing stings you.
* * * LOW HITPOINT WARNING * * *
The acid corrodes you!
You are splashed with acid!
You die...
Your body crumbles into a pile of gold.

....##......... ... ..
.....##.%.......##.....<
.....##.........##.#....
....#...#..............#
#..####..........#...#.#..
.#####..###...)#..........
###.##..# ####.#.#.#..#.#
........# ####.).#......#
.......## #....u@.........
.......# #.####.......##.
.......####(#..#.####....
.......'(.()...#.# .....
.......####).....# ...#
.............#.###
...........)).....
.<...).#####.#....
######## #.#####


You could see a brown ugly thing.

Vanquished Creatures
  Gastronok (D:9)
  2 entropy weavers (D:11)
  A fire dragon (D:9)
  2 two-headed ogres
  A queen ant (D:12)
  An unseen horror (D:10)
  An ugly thing (D:11)
  2 cyclopes (D:11)
  Joseph (D:7)
  Psyche (D:8)
  4 centaur skeletons
  3 kobold demonologists (D:11)
  3 hornets
  2 shadows
  A wraith (D:10)
  A wyvern (D:9)
  8 yaks
  A golden eye (D:6)
  A steam dragon (D:6)
  4 hungry ghosts
  23 soldier ants
  A water moccasin (D:11)
  7 orc warriors
  2 slaves
  A hornet zombie (D:10)
  6 sky beasts
  3 black bears
  2 necrophages
  An ice beast (D:8)
  2 wolves (D:8)
  An eye of draining (D:9)
  3 phantoms
  4 ogres
  8 centaurs
  6 big kobolds
  11 bullfrogs
  4 gnoll sergeants (D:8)
  2 wyvern zombies
  A wyvern skeleton (D:9)
  A scorpion (D:11)
  3 troll zombies (D:9)
  7 killer bees
  4 howler monkeys
  6 wights
  6 crimson imps
  3 bullfrog zombies
  A centaur zombie (D:8)
  A quasit (D:5)
  6 hounds
  6 jellies
  6 orc priests
  2 bullfrog skeletons
  Crazy Yiuf (D:2)
  2 gnoll shamans (D:8)
  Jessica (D:3)
  3 iguanas
  13 orc wizards
  25 worker ants
  5 ogre zombies (D:9)
  8 mummies (Ossuary)
  3 hound skeletons
  27 gnolls
  A howler monkey skeleton (D:9)
  12 adders
  4 shadow imps
  2 worms (D:3)
  3 dart slugs
  6 leopard geckos
  54 orcs
  9 bats
  2 giant cockroaches
  7 hobgoblins
  15 jackals
  23 kobolds
  5 quokkas
  11 frilled lizards
  A gnoll zombie (Ossuary)
  4 goblin skeletons (D:9)
  4 goblin zombies (D:9)
  4 hobgoblin zombies
  A jackal skeleton (D:6)
  2 kobold zombies (Ossuary)
  3 orc skeletons (D:9)
  15 orc zombies
  A quokka zombie (D:8)
  3 rats
  A fungus (D:2)
462 creatures vanquished.

Vanquished Creatures (collateral kills)
  An ugly thing (D:11)
1 creature vanquished.

Grand Total: 463 creatures vanquished

Notes
Turn   | Place    | Note
-------+----------+-------------------------------------------
     0 | D:1      | Chiseanne the Demonspawn Wanderer began the quest for the
                  | Orb.
     0 | D:1      | Chiseanne set off with the following items: a +2 short
                  | sword, 2 potions of lignification, a +0 robe, a ration
     0 | D:1      | Reached XP level 1. HP: 15/15 MP: 1/1
   363 | D:1      | Gained mutation: You are slightly more attuned to the
                  | shadows. [demonic ancestry]
   363 | D:1      | Reached XP level 2. HP: 21/21 MP: 2/2
  1474 | D:2      | Gained mutation: Your movements are slightly less
                  | encumbered by armour. (ER -2) [demonic ancestry]
  1474 | D:2      | Reached XP level 3. HP: 14/27 MP: 3/3
  1727 | D:2      | Noticed a centaur
  1733 | D:2      | Killed a centaur
  1733 | D:2      | Reached XP level 4. HP: 9/34 MP: 4/4
  2331 | D:2      | Reached XP level 5. HP: 33/40 MP: 5/5
  2687 | D:2      | Found a runed translucent door.
  2688 | D:2      | Noticed Crazy Yiuf
  2697 | D:2      | Killed Crazy Yiuf
  2835 | D:3      | Noticed Jessica
  2844 | D:3      | Killed Jessica
  3681 | D:4      | Gained mutation: You are immune to rotting. [demonic
                  | ancestry]
  3681 | D:4      | Reached XP level 6. HP: 36/47 MP: 6/6
  3755 | D:4      | Found a sand-covered staircase.
  3768 | Ossuary  | Entered an ossuary
  4843 | D:4      | Gained mutation: You are significantly more attuned to the
                  | shadows. [demonic ancestry]
  4843 | D:4      | Reached XP level 7. HP: 37/54 MP: 7/7
  5502 | D:5      | Entered Level 5 of the Dungeon
  6253 | D:5      | Found an iron altar of Okawaru.
  6695 | D:6      | Reached skill level 5 in Fighting
  6877 | D:6      | Gained mutation: You have a pair of small horns on your
                  | head. [demonic ancestry]
  6877 | D:6      | Reached XP level 8. HP: 58/62 MP: 8/8
  7017 | D:6      | Reached skill level 5 in Stealth
  7343 | D:6      | Reached skill level 5 in Dodging
  7355 | D:6      | Noticed Pikel
  7410 | D:6      | Noticed Pikel
  7410 | D:6      | Pikel changed into Pikel the golden eye
  7698 | D:6      | Killed Pikel the golden eye
  8289 | D:7      | Found a staircase to the Ecumenical Temple.
  8306 | Temple   | Entered the Ecumenical Temple
  8364 | Temple   | Became a worshipper of Gozag Ym Sagoz the Greedy
  8531 | D:7      | Gained mutation: You have a pair of horns on your head.
                  | [demonic ancestry]
  8531 | D:7      | Reached XP level 9. HP: 40/70 MP: 9/9
  8730 | D:7      | Noticed a gargoyle
  9405 | D:8      | Found Epujyo's Weapon Shoppe.
  9415 | D:8      | Noticed Joseph
  9638 | D:7      | Killed Joseph
 10099 | D:8      | Bought a +2 falchion of protection for 202 gold pieces
 10194 | D:8      | Found Acoubluh's Magic Scroll Boutique.
 10208 | D:8      | Bought a scroll of brand weapon for 220 gold pieces
 10209 | D:8      | Bought a scroll of fear for 38 gold pieces
 10209 | D:8      | Bought a scroll of identify for 22 gold pieces
 10209 | D:8      | Bought a scroll of identify for 22 gold pieces
 10209 | D:8      | Bought a scroll of identify for 22 gold pieces
 10209 | D:8      | Bought a scroll of magic mapping for 38 gold pieces
 10670 | D:8      | Gained mutation: You are completely attuned to the shadows.
                  | [demonic ancestry]
 10670 | D:8      | Reached XP level 10. HP: 77/77 MP: 10/10
 10925 | D:8      | Reached skill level 1 in Slings
 11200 | D:8      | Got a scorched hand crossbow
 11208 | D:8      | Identified the +8 hand crossbow "Eggoxkal" {venom, rPois
                  | rF+} (You found it on level 8 of the Dungeon)
 11282 | D:7      | Reached skill level 5 in Short Blades
 11283 | D:7      | Reached skill level 1 in Crossbows
 11613 | D:8      | Noticed Psyche
 11628 | D:8      | Killed Psyche
 11844 | D:8      | Bought a scroll of blinking for 82 gold pieces
 11844 | D:8      | Bought a scroll of teleportation for 33 gold pieces
 11844 | D:8      | Bought a scroll of magic mapping for 38 gold pieces
 11844 | D:8      | Bought a scroll of remove curse for 33 gold pieces
 11844 | D:8      | Bought a scroll of magic mapping for 38 gold pieces
 11844 | D:8      | Bought a scroll of teleportation for 33 gold pieces
 11844 | D:8      | Bought a scroll of remove curse for 33 gold pieces
 11844 | D:8      | Bought a scroll of enchant weapon for 82 gold pieces
 12538 | D:9      | Noticed a fire dragon
 12609 | D:9      | Killed a fire dragon
 12713 | D:9      | Reached XP level 11. HP: 74/83 MP: 11/11
 12821 | D:9      | Found a staircase to the Orcish Mines.
 12824 | D:9      | Noticed Gastronok
 13286 | D:9      | Killed Gastronok
 13722 | D:9      | Found a staircase to the Lair.
 14163 | D:9      | Bought the +2 pair of gloves "Tekhich" {rN+} for 359 gold
                  | pieces
 14190 | D:10     | Entered Level 10 of the Dungeon
 14199 | D:10     | Reached skill level 5 in Crossbows
 16143 | D:10     | Killed an unseen horror
 16336 | D:11     | Reached skill level 10 in Dodging
 16673 | D:11     | Noticed a green ugly thing
 16717 | D:11     | Killed a green ugly thing
 16717 | D:11     | Reached XP level 12. HP: 89/89 MP: 12/12
 16967 | D:11     | Noticed a two-headed ogre
 16971 | D:11     | Killed a two-headed ogre
 17447 | D:12     | Noticed a two-headed ogre
 17451 | D:12     | Killed a two-headed ogre
 17451 | D:12     | Reached skill level 1 in Shields
 17527 | D:12     | Found a frozen archway.
 17648 | D:12     | Noticed an entropy weaver
 17715 | D:11     | Killed an entropy weaver
 18134 | D:12     | Noticed an entropy weaver
 18687 | D:11     | Killed an entropy weaver
 18859 | D:12     | Noticed a queen ant
 18882 | D:12     | Killed a queen ant
 18882 | D:12     | Reached skill level 10 in Short Blades
 19274 | D:12     | Reached skill level 5 in Shields
 19539 | D:12     | Splashed by a brown ugly thing's acid

Levels and vault maps discovered:
D:1:      dpeg_arrival_rooms_c, layout_loops_cross
D:2:      layout_loops_ring, uniq_crazy_yiuf_cottage
D:3:      layout_rooms, first_ration, uniq_jessica
D:4:      layout_loops_corners, nicolae_ossuary_entry_ruins,
          kennysheep_generic_room_10
D:5:      layout_loops_ring, marbit_many_paths
D:6:      layout_loops_corners, uniq_pikel
D:7:      layout_loops_cross, minmay_temple_entry_ruins, the_bakery,
          minmay_manual_moon
D:8:      layout_cave_pools, serial_gnoll_camp, gnoll_camp_mini_shop,
          gnoll_camp_huts_basic, gnoll_camp_medium_02, gnoll_camp_mini_hut,
          gnoll_camp_mini_loothouse, gnoll_camp_mini_house, serial_shops,
          nicolae_shop_behind_doors, kennysheep_generic_room_6, uniq_joseph,
          uniq_psyche
D:9:      layout_loops_ring, minmay_lair_entry_lava, zombieorc2_lemuel,
          st_stairs_3, nrook_pool_corridor, uniq_gastronok
D:10:     layout_long_grid, serial_co_window_serial, co_window_paths_a,
          co_window_corner_a, co_window_of_opportunity_a,
          co_window_of_opportunity_a, co_window_paths_b, co_window_paths_a,
          co_window_paths_a, co_window_paths_a, co_window_corner_a,
          co_window_corner_cb, co_window_corner_ca, co_window_broadway_b,
          glass_columns_c, glass_columns_c, glass_columns_a
D:11:     layout_rooms
D:12:     layout_basic, portal_ice_cave_entry_pillars_1, minivault_29
Temple:   nicolae_temple_the_god_donut

Skill      XL: |  1  2  3  4  5  6  7  8  9 10 11 12 |
---------------+-------------------------------------+-----
Fighting       | 2 3 4 5 6 |  6.9
Armour         | 2 3 4 |  4.4
Dodging        | 2 3 4 5 7 8 10 | 10.4
Stealth        | 2 3 4 6 7 8 |  8.0
Short Blades   | 4 6 8 10 | 10.1
Slings         | 1 |  1.4
Crossbows      | 4 6 7 |  7.0
Shields        | 5 |  5.2
Axes           | |  1.0
Throwing       | |  1.0
Evocations     | |  1.0

Action                   |  1- 3 |  4- 6 |  7- 9 | 10-12 || total
-------------------------+-------+-------+-------+-------++-------
Melee: Short sword       |    95 |   237 |   173 |       ||   505
       Quarterstaff      |       |       |    88 |   152 ||   240
       Headbutt          |       |       |    83 |   223 ||   306
       Dagger            |       |       |   196 |   772 ||   968
       Falchion          |       |       |     7 |    18 ||    25
       War axe           |       |       |       |    36 ||    36
 Fire: Hunting sling     |       |       |       |     9 ||     9
       Hand crossbow     |       |       |       |    38 ||    38
Throw: Stone             |       |     1 |     7 |     5 ||    13
       Dart              |       |       |     2 |       ||     2
       Javelin           |       |       |     2 |       ||     2
Invok: Potion Petition   |       |       |       |     1 ||     1
       Call Merchant     |       |       |       |     1 ||     1
Evoke: Wand              |       |       |     9 |    22 ||    31
       Box of beasts     |       |       |       |     4 ||     4
  Use: Scroll            |     1 |    17 |     8 |    13 ||    39
       Potion            |       |     4 |     6 |     4 ||    14
 Stab: Sleeping          |     5 |     9 |    22 |    47 ||    83
       Distracted        |     1 |     1 |     3 |     7 ||    12
       Invisible         |       |       |       |     6 ||     6
       Petrified         |       |       |       |     2 ||     2
  Eat: Chunk             |     2 |    15 |    19 |       ||    36
       Ration            |       |       |       |    10 ||    10
Armor: Leather armour    |    14 |    69 |   151 |       ||   234
       Robe              |     2 |       |       |       ||     2
       Ring mail         |       |       |     9 |   259 ||   268
Dodge: Dodged            |    48 |   156 |   367 |   682 ||  1253
Block: Shield            |       |       |       |   130 ||   130
       Rpst.: Falchion   |       |       |     2 |     2 ||     4

Table legend:
 A = Non-vault XP
 B = Vault XP
 C = Vault XP percentage of total XP
 D = Non-vault monster count
 E = Vault monster count
 F = Vault count percentage of total count
                 A         B        C        D         E       F
            +---------+---------+-------+---------+---------+-------
      Total |   19727 |   13958 |  41.4 |     313 |     145 |  31.7
            +---------+---------+-------+---------+---------+-------
        D:1 |      21 |       0 |   0.0 |      14 |       0 |   0.0
        D:2 |     182 |      39 |  17.6 |      25 |       1 |   3.8
        D:3 |      95 |      37 |  28.0 |      17 |       1 |   5.6
        D:4 |     321 |       6 |   1.8 |      20 |       2 |   9.1
        D:5 |     478 |       0 |   0.0 |      18 |       0 |   0.0
        D:6 |     985 |     190 |  16.2 |      20 |       1 |   4.8
        D:7 |    1192 |     679 |  36.3 |      31 |       3 |   8.8
        D:8 |    2125 |    1556 |  42.3 |      28 |      42 |  60.0
        D:9 |    2099 |    4087 |  66.1 |      34 |      40 |  54.1
       D:10 |    3134 |       0 |   0.0 |      38 |       0 |   0.0
       D:11 |    6989 |    2819 |  28.7 |      44 |       6 |  12.0
       D:12 |    2106 |    4388 |  67.6 |      24 |      33 |  57.9
    Ossuary |       0 |     157 | 100.0 |       0 |      16 | 100.0
            +---------+---------+-------+---------+---------+-------
